 Dungeon Crawl Stone Soup version 0.31.0-11-ge490571c62 (webtiles) character file.

Game seed: 3463082735411233152

261 thirtiethelement the Slasher (level 5, -1/42 HPs)
             Began as a Demonspawn Monk on Jan 29, 2024.
             Slain by a bullfrog (7 damage)
             ... in a sewer.
             The game lasted 00:05:51 (2108 turns).

thirtiethelement the Slasher (Demonspawn Monk)      Turns: 2108, Time: 00:05:52

Health: -1/42      AC:  4    Str: 11    XL:     5   Next: 96%
Magic:  5/5        EV: 13    Int: 11    God:
Gold:   51         SH:  0    Dex: 17    Spells: 3/4 levels left

rFire   . . .        e - +0 long sword
rCold   . . .        d - orb {light}
rNeg    . . .        g - +2 animal skin
rPois   .            (helmet restricted)
rElec   .            (no cloak)
rCorr   .            (no gloves)
SInv    .            (no boots)
Will    .....        (no amulet)
Stlth   +            (no ring)
HPRegen 0.27/turn    (no ring)
MPRegen 0.09/turn

%: no passive effects
@: glowing
A: antennae 1, powered by death 1
a: no special abilities


You were in a sewer.
You visited 1 branch of the dungeon, and saw 3 of its levels.
You also visited: Sewer.

You collected 77 gold pieces.
You spent 26 gold pieces at shops.

Inventory:

Hand Weapons
 e - a +0 long sword (weapon)
Armour
 d - an orb of light (worn)
 g - a +2 animal skin (worn)
 i - a scarf of harm
Wands
 f - a wand of flame (20)
Scrolls
 h - a scroll of identify
 l - a scroll of immolation {unknown}
 m - a scroll of teleportation {unknown}
 n - a scroll of silence {unknown}
 o - a scroll of blinking
Potions
 b - a potion of resistance {unknown}
 c - a potion of ambrosia
 j - a potion of might {unknown}
 k - a potion of lignification {unknown}


   Skills:
 + Level 4.2 Fighting
 + Level 4.8 Long Blades
 + Level 3.4 Dodging
 + Level 0.4 Stealth


You had 3 spell levels left.
You knew the following spells:

 Your Spells              Type           Power      Damage    Failure   Level
a - Freeze                Ice            0%         1d3       34%         1

Your spell library contained the following spells:

 Spells                   Type           Power      Damage    Failure   Level
 Apportation              Tloc           0%         N/A       34%         1
 Necrotise                Necr           0%         1d4       34%         1
 Sting                    Conj/Alch      0%         1d3       34%         1
 Summon Small Mammal      Summ           0%         N/A       34%         1
 Frozen Ramparts          Ice            0%         1d1       71%         3
 Hailstorm                Conj/Ice       0%         3d5       71%         3


Dungeon Overview and Level Annotations

Branches:
Dungeon (3/15)              Sewer (1/1)

Altars:
Qazlal

Shops:
D:1 *


Innate Abilities, Weirdness & Mutations

You have a pair of small antennae on your head.
You regenerate a little health from kills.


Message History

The bullfrog closely misses you. The ball python barely misses you.
The ball python completely misses you.
The bullfrog hits you but does no damage.
The giant cockroach closely misses you. The ball python closely misses you.
The ball python barely misses you.
You slash the giant cockroach!
You kill the giant cockroach!
The ball python barely misses you. The ball python closely misses you.
The bullfrog misses you. The bullfrog barely misses you.
You barely miss the bullfrog.
The bullfrog is moderately wounded.
The bullfrog misses you. The ball python misses you. The ball python grabs you.
The ball python constricts you. The bullfrog hits you.
The bullfrog hits you but does no damage.
The ball python closely misses you. The ball python constricts you.
Unknown command.
You escape the ball python's grasp.
The bullfrog closely misses you.
You closely miss the bullfrog.
The bullfrog is lightly wounded.
The bullfrog hits you.
* * * LOW HITPOINT WARNING * * *
The bullfrog hits you.
* * * LOW HITPOINT WARNING * * *
The bullfrog misses you.
You feel much better. The bullfrog barely misses you.
The bullfrog closely misses you. x2
You hit the bullfrog.
The bullfrog is moderately wounded.
The bullfrog hits you but does no damage.
The bullfrog closely misses you. The bullfrog barely misses you. x2
You barely miss the bullfrog.
The bullfrog is moderately wounded.
The bullfrog hits you. x2
* * * LOW HITPOINT WARNING * * *
The bullfrog misses you. The bullfrog hits you.
* * * LOW HITPOINT WARNING * * *
You hit the bullfrog.
The bullfrog is moderately wounded.
The bullfrog barely misses you. The bullfrog hits you!
You die...

#.~.~###.~~###~~~#
#~.~##.~~.~†~##~~##
##~.##~~~~~.~~.##~~##
#~~~#~.~~~~.~~~..~.~#
#~~##~~~#######~~.~~#
#†.#~~.##≈~~~.###~#######
~.†#~~##≈~~.~~lS###~~.~.#
~~##~†#≈~~.~~SBFF.#~~.~~#
~~#~~##≈~.?...##@.#~~†.~#
~~#~~# ~.[/$~~,#..#~~#†~#
.~#~~# ~.!:~~~ #~~#~~#~~#
~~#~~#{~~).~~~ #~~##.#~~#
..#~~# ≈..~~~~ #~~.#~#~~#
~†#.~# ≈~~~~~~ #~.∩#~#.~#
~~#~†##≈≈~.~~≈##~~~#~#~~#
~~##~~# {#~~###.#~~#
~..#~~## ##~~#~~~#~.#


You could see 2 bullfrogs, an adder, a giant cockroach, a ball python and a
frilled lizard.

Vanquished Creatures
  Jessica (D:2)
  An orc wizard (D:3)
  Robin (D:2)
  6 adders
  3 gnolls (D:2)
  10 dart slugs
  A ribbon worm (D:3)
  3 orcs (D:3)
  2 bats
  13 endoplasms
  6 giant cockroaches
  10 goblins
  9 hobgoblins
  4 kobolds
  A quokka (D:2)
  7 ball pythons
  12 frilled lizards
  6 rats
96 creatures vanquished.

Notes
Turn   | Place    | Note
-------+----------+-------------------------------------------
     0 | D:1      | thirtiethelement the Demonspawn Monk began the quest for
                  | the Orb.
     0 | D:1      | Reached XP level 1. HP: 18/18 MP: 1/1
   272 | D:1      | Gained mutation: You have a pair of small antennae on your
                  | head. [demonic ancestry]
   272 | D:1      | Reached XP level 2. HP: 24/24 MP: 2/2
   360 | D:1      | Found Suew's Assorted Antiques.
   368 | D:1      | Bought a scroll labelled KUT QACIUMNELIAQIA for 26 gold
                  | pieces
   472 | D:1      | You fall into a shaft and drop 1 floor!
   472 | D:2      | Found a stormy altar of Qazlal.
   501 | D:2      | Reached XP level 3. HP: 18/29 MP: 3/3
   506 | D:2      | Noticed Jessica
   509 | D:2      | Killed Jessica
   510 | D:2      | Gained mutation: You regenerate a little health from kills.
                  | [demonic ancestry]
   510 | D:2      | Reached XP level 4. HP: 4/36 MP: 4/4
   676 | D:2      | Noticed Robin
   714 | D:2      | Killed Robin
  1417 | D:3      | Learned a level 1 spell: Freeze
  1457 | D:3      | Reached XP level 5. HP: 25/42 MP: 5/5
  1714 | D:3      | Found a glowing drain.
  1720 | Sewer    | Entered a sewer
  2108 | Sewer    | Slain by a bullfrog

Illustrated notes

Levels and vault maps discovered:
D:1:      nzn_arrival_depleted_hourglass, layout_basic, serial_shops,
          nicolae_shop_advertising_works [nicolae_subvault_shop_adworks]
D:2:      layout_loops_ring, basic_altar, uniq_robin, uniq_jessica
D:3:      layout_loops_corners, mainiacjoe_sewer_entry_somewhere_in_here_1,
          dreamdust_ecumenical_altar_hidden_monk_grotto
Sewer:    sewer_frog_island_02

Skill      XL: |  1  2  3  4 |
---------------+-------------+-----
Long Blades    | 3 4 |  4.8
Dodging        | 3 |  3.4
Fighting       | 4 |  4.2
Stealth        | |  0.4

Action                     |  1- 3 |  4- 6 || total
---------------------------+-------+-------++-------
  Melee: Long sword        |    41 |   226 ||   267
    Use: Scroll            |     1 |       ||     1
         Potion            |       |     1 ||     1
 Armour: Robe              |    25 |    30 ||    55
         Animal skin       |       |   125 ||   125
  Dodge: Dodged            |    27 |   195 ||   222
